 Dungeon Crawl Stone Soup version 0.20-a0-507-gc86f373 (webtiles) character file.

108 nono the Ducker (level 5, 0/34 HPs)
             Began as a Halfling Assassin on Jan 21, 2017.
             Killed from afar by an orc wizard (5 damage)
             ... with a magic dart
             ... on level 3 of the Dungeon.
             The game lasted 00:04:25 (1437 turns).

nono the Ducker (Halfling Assassin)                 Turns: 1437, Time: 00:04:27

Health: 0/34       AC:  3    Str: 13    XL:     5   Next: 12%
Magic:  5/5        EV: 18    Int:  9    God:
Gold:   155        SH:  0    Dex: 16    Spells: 4/4 levels left

rFire    . . .     SeeInvis .   a - +2 dagger
rCold    + . .     Gourm    .   c - +0 robe
rNeg     . . .     Faith    .   (shield restricted)
rPois    .         Spirit   .   (no helmet)
rElec    .         Reflect  .   d - +0 cloak
rCorr    .         Harm     .   (no gloves)
MR       .....                  (no boots)
Stlth    +++.......             (no amulet)
Regen    0.2/turn               i - ring of protection from cold
                                u - +1 ring of slaying

@: very slightly contaminated, invisible
A: mutation resistance 1
a: no special abilities


You were on level 3 of the Dungeon.
You were not hungry.

You visited 1 branch of the dungeon, and saw 3 of its levels.

You collected 155 gold pieces.

Inventory:

Hand Weapons
 a - a +2 dagger (weapon)
 b - a +0 blowgun
Missiles
 e - 7 poisoned needles
 f - 2 curare-tipped needles
 s - 17 sling bullets
Armour
 c - a +0 robe (worn)
 d - a +0 cloak (worn)
Jewellery
 i - a ring of protection from cold (right hand)
 p - an uncursed ring of magical power
 u - a +1 ring of slaying (left hand)
Scrolls
 m - a scroll of identify {unknown}
 o - a scroll of teleportation {unknown}
 r - 2 scrolls of immolation
 v - a scroll of remove curse
Potions
 j - a potion of magic {unknown}
 l - a potion of degeneration {unknown}
 n - 2 potions of invisibility
 q - a potion of resistance {unknown}
 t - a potion of curing {unknown}
Comestibles
 g - 4 bread rations
 h - 4 meat rations
 k - a royal jelly


   Skills:
 - Level 1.7 Fighting
 - Level 2.4 Short Blades
 - Level 2.0 Throwing
 + Level 5.0 Dodging
 - Level 4.3 Stealth


You had 4 spell levels left.
You didn't know any spells.

Dungeon Overview and Level Annotations

Branches:
Dungeon (3/15)

Altars:


Innate Abilities, Weirdness & Mutations

You are small and have problems with some larger weapons.
You are somewhat resistant to further mutation.


Message History

You impale the orc!!
You kill the orc!
The bat misses you. x2; The frilled lizard closely misses you.
The bat closely misses you.
You hit the frilled lizard.
The frilled lizard is heavily wounded.
The bat hits you but does no damage. The frilled lizard closely misses you.
The orc wizard gestures at you while chanting.
The magic dart hits the frilled lizard.
The frilled lizard dies!
You hit the bat but do no damage. The bat misses you.
The bat closely misses you.
You hit the bat.
You kill the bat!
Your Dodging skill increases to level 5!
The orc wizard hits you with a dagger.
* * * LOW HITPOINT WARNING * * *
The orc wizard points at you and mumbles some strange words.
The magic dart hits you!
You die...

.. .... .......# #.## ... ...
......# #.#
.....ol#.....#######.#
.....#..##..###......#
......................## ... #.
#.............>..
....#.##)...<.........##
........o.†...........##
....#..@.......#.......# #
####................
#.......##.....##
#..............##
#......##........
###########(...............
#.........#######..........
#######.........######...........
(....##..........................


You could see an orc wizard.

Vanquished Creatures
  6 adders
  A worm (D:2)
  2 leopard geckos
  2 orcs (D:3)
  4 bats
  4 goblins
  7 hobgoblins
  4 jackals
  2 kobolds (D:2)
  5 ball pythons
  3 frilled lizards
  8 rats
48 creatures vanquished.

Vanquished Creatures (others)
  A frilled lizard (D:3)
1 creature vanquished.

Grand Total: 49 creatures vanquished

Notes
Turn   | Place    | Note
-------+----------+-------------------------------------------
     0 | D:1      | nono the Halfling Assassin began the quest for the Orb.
     0 | D:1      | Reached XP level 1. HP: 14/14 MP: 1/1
   120 | D:1      | Reached skill level 2 in Dodging
   146 | D:1      | Reached XP level 2. HP: 17/19 MP: 2/2
   549 | D:2      | Reached XP level 3. HP: 21/24 MP: 3/3
   560 | D:2      | Reached skill level 3 in Dodging
   727 | D:2      | Reached XP level 4. HP: 18/29 MP: 4/4
   878 | D:2      | Reached skill level 4 in Dodging
  1361 | D:3      | Reached XP level 5. HP: 34/34 MP: 5/5
  1435 | D:3      | Reached skill level 5 in Dodging
  1437 | D:3      | Killed from afar by an orc wizard

Vault maps used:
D:1:      minmay_arrival_semitransparent
D:3:      saegor_snake_ambush

Skill      XL: |  1  2  3  4  5 |
---------------+----------------+-----
Dodging        | 2 3 4 5 |  5.0
Fighting       | |  1.7
Short Blades   | |  2.4
Throwing       | |  2.0
Stealth        | |  4.3

Action                   |  1- 3 |  4- 6 || total
-------------------------+-------+-------++-------
Melee: Dagger            |    70 |    56 ||   126
 Fire: Blowgun           |     8 |       ||     8
  Use: Scroll            |       |     3 ||     3
       Potion            |       |     1 ||     1
 Stab: Sleeping          |     8 |     6 ||    14
       Invisible         |       |     2 ||     2
  Eat: Chunk             |       |     2 ||     2
Armor: Robe              |     7 |    11 ||    18
Dodge: Dodged            |    51 |    55 ||   106
